 Dungeon Sprint DCSS version 0.31-a0-879-g1609e0ac53 (webtiles) character file.

Game seed: 8878914398702750961

379 rocky1 the Carver (level 7, -1/47 HPs)
             Began as a Djinni Gladiator on Oct 15, 2023.
             Slain by a neqoxec (5 damage)
             ... in the Dungeon (Sprint II: "The Violet Keep of Menkaure").
             The game lasted 00:00:57 (53 turns).

rocky1 the Carver (Djinni Gladiator)                  Turns: 53, Time: 00:00:58

Health: -1/47      AC:  4    Str: 13      XL:     7   Next: 4%
Gold:   0          EV: 15    Int:  7      God:
                   SH:  0    Dex: 14 (15)

rFire   + + .        a - +0 long sword
rCold   x . .        (no shield)
rNeg    . . .        b - +0 leather armour
rPois   ∞            c - +0 helmet
rElec   .            (no cloak)
rCorr   .            (no gloves)
SInv    .            (boots unavailable)
Will    .....        (no amulet)
Stlth   +            (no ring)
HPRegen 0.27/turn    (no ring)
MPRegen 0.00/turn

%: no teleportation, infuse magic (-2 HP)
@: flying
A: sickness immunity, fire resistance 2, cold vulnerability 1, float, innate
caster, HP casting, extra vitality 1, clumsy 1, deterioration 1, dopey 1, frail
1, screaming 1, inability to read after injury 2, devolution 1
a: no special abilities


You were in the Dungeon.
You visited 1 branch

Inventory:

Hand Weapons
 a - a +0 long sword (weapon)
Missiles
 e - a javelin
Armour
 b - a +0 leather armour (worn)
 c - a +0 helmet (worn)
Scrolls
 j - a scroll of blinking


   Skills:
 + Level 4.8 Fighting
 * Level 9.1 Long Blades
 - Level 3.1 Throwing
 * Level 3.8 Armour
 + Level 8.9 Dodging


You knew the following spells:

 Your Spells              Type           Power      Damage    Failure   Level
a - Sandblast             Erth           0%         2d4       50%         1
b - Scorch                Fire           0%         2d5       65%         2
c - Jinxbite              Hex            0%         N/A       65%         2
Your spell library was empty.

Dungeon Overview and Level Annotations

Branches:
Dungeon (1/1)

Altars:


Innate Abilities, Weirdness & Mutations

You are immune to sickness and miasma.
You are immune to poison.
Your flesh is very heat resistant. (rF++)
You are vulnerable to cold. (rC-)
You float through the air rather than walking.
You learn spells naturally, not from books.
Your magical power is your life essence.
You have superior vitality. (+4 MHP)
You are clumsy. (Dex -2)
Your body sometimes deteriorates upon taking damage.
You are dopey. (Int -2)
You are frail. (-10% HP)
You occasionally shout uncontrollably at your foes.
You sometimes lose the ability to read scrolls when taking damage.
You have hidden genetic defects.


Message History

You barely miss the neqoxec. The neqoxec gestures at you.
Strange energies course through your body.
You feel clumsy.
You hit the neqoxec but do no damage. The neqoxec hits you!
* * * LOW HITPOINT WARNING * * *
You hit the neqoxec but do no damage.
You recover from your berserk rage.
The neqoxec hits you.
* * * LOW HITPOINT WARNING * * *
You slash the neqoxec!
The neqoxec is moderately wounded.
The neqoxec hits you.
* * * LOW HITPOINT WARNING * * *
Your body deteriorates!
You feel clumsy.
You slash the neqoxec!
The neqoxec is heavily wounded.
The neqoxec hits you but does no damage.
You feel better.
The neqoxec hits you but does no damage.
You miss the neqoxec.
The neqoxec is heavily wounded.
The neqoxec hits you!
* * * LOW HITPOINT WARNING * * *
You hit the neqoxec.
The neqoxec is heavily wounded.
The neqoxec gestures at you.
Something tries to feed on your intellect!
You closely miss the neqoxec.
The neqoxec is heavily wounded.
The neqoxec gestures at you.
Strange energies course through your body.
You feel frail.
You closely miss the neqoxec.
The neqoxec is heavily wounded.
The neqoxec hits you but does no damage.
You hit the neqoxec.
The neqoxec is severely wounded.
The neqoxec hits you.
You die...

## #.#
#+#
#..##.##
#3@.<.+
#.##.##
#.# #+#
##


You could see a neqoxec.

Vanquished Creatures
  3 neqoxecs (D)
3 creatures vanquished.

Notes
Turn   | Place    | Note
-------+----------+-------------------------------------------
     0 | D        | rocky1 the Djinni Gladiator began the quest for the Orb.
     0 | D        | Reached XP level 1. HP: 18/18 MP: 0/0
     1 | D        | Noticed a neqoxec
     1 | D        | Noticed a neqoxec
     1 | D        | Noticed a neqoxec
     1 | D        | Noticed a neqoxec
     1 | D        | Gained mutation: Your body sometimes deteriorates upon
                  | taking damage. [a neqoxec]
    10 | D        | Killed a neqoxec
    11 | D        | Reached skill level 6 in Long Blades
    11 | D        | Reached XP level 2. HP: 26/26 MP: 0/0
    11 | D        | Reached XP level 3. HP: 31/31 MP: 0/0
    11 | D        | Learned a level 1 spell: Sandblast
    11 | D        | Reached XP level 4. HP: 37/37 MP: 0/0
    11 | D        | Reached XP level 5. HP: 41/41 MP: 0/0
    11 | D        | Learned a level 2 spell: Scorch
    12 | D        | Gained mutation: You occasionally shout uncontrollably at
                  | your foes. [a neqoxec]
    15 | D        | Gained mutation: You occasionally lose the ability to read
                  | scrolls when taking damage. [a neqoxec]
    16 | D        | Killed a neqoxec
    16 | D        | Gained mutation: You sometimes lose the ability to read
                  | scrolls when taking damage. [a neqoxec]
    17 | D        | Reached skill level 7 in Long Blades
    17 | D        | Reached XP level 6. HP: 48/48 MP: 0/0
    25 | D        | Gained mutation: You are dopey. (Int -2) [a neqoxec]
    26 | D        | Gained mutation: You are frail. (-10% HP) [a neqoxec]
    32 | D        | Lost mutation: You are frail. (-10% HP) [a neqoxec]
    36 | D        | Gained mutation: You have hidden genetic defects. [a
                  | neqoxec]
    41 | D        | Killed a neqoxec
    42 | D        | Reached skill level 9 in Long Blades
    42 | D        | Reached XP level 7. HP: 28/53 MP: 0/0
    42 | D        | Learned a level 2 spell: Jinxbite
    43 | D        | Gained mutation: You are clumsy. (Dex -2) [a neqoxec]
    46 | D        | HP: 1/53 [neqoxec (6)]
    51 | D        | Gained mutation: You are frail. (-10% HP) [a neqoxec]
    53 | D        | Slain by a neqoxec

Illustrated notes

Levels and vault maps discovered:
D:        the_violet_keep_of_menkaure [sprint2_stairs_cluster_1,
          sprint2_shoproom, sprint2_temple, sprint2_basic_supplies,
          sprint2_obstacle_4, sprint2_obstacle_6, sprint2_obstacle_5,
          sprint2_obstacle_3, sprint2_obstacle_2, sprint2_timed_cluster_1,
          sprint2_smallroom_cluster_1, sprint2_smallroom_final_cluster_1,
          sprint2_transparent_cluster_1, sprint2_second_timed_cluster_1,
          sprint2_sniper_area_1, sprint2_heavy_combat_area_1,
          sprint2_mutation_trap_area_1, sprint2_forest_area_1,
          sprint2_light_combat_area_1, sprint2_behind_water_1,
          sprint2_near_end_vault_1]

Skill      XL: |  1  2  3  4  5  6 |
---------------+-------------------+-----
Fighting       | 3 4 |  4.8
Long Blades    | 6 7 9 |  9.1
Throwing       | 3 |  3.1
Dodging        | 7 8 |  8.9
Armour         | 2 3 |  3.8

Action                     |  1- 3 |  4- 6 |  7- 9 || total
---------------------------+-------+-------+-------++-------
  Melee: Long sword        |     4 |    29 |    10 ||    43
  Throw: Throwing net      |     3 |       |       ||     3
    Use: Potion            |     2 |     1 |     1 ||     4
 Armour: Leather armour    |       |     9 |     9 ||    18
  Dodge: Dodged            |       |     6 |       ||     6

Table legend: (Time is in decaauts)
 A = Elapsed time spent in this place.
 B = Non-inter-level travel time spent in this place.
 C = Inter-level travel time spent in this place.
 D = Time resting spent in this place.
 E = Time spent auto-exploring this place.
 F = Levels seen in this place.
 G = Mean time per level.
                   A        B        C        D        E       F      G
               +--------+--------+--------+--------+--------+-----+--------+
         Total |     46 |     46 |      0 |      0 |      0 |   1 |   46.0 |
       Dungeon |     46 |     46 |      0 |      0 |      0 |   1 |   46.0 |
               +--------+--------+--------+--------+--------+-----+--------+

Top non-repeatable levels by time:
       D: 46 daAuts
